 Dungeon Sprint DCSS version 0.17-a0-1262-gd250d98 (webtiles) character file.

23888 Kidiri the Unseen (level 12, -15/97 HPs)
             Began as a Spriggan Assassin on June 6, 2015.
             Was the Champion of Dithmenos.
             Demolished by a bone dragon (27 damage)
             ... in the Dungeon (Sprint II: "The Violet Keep of Menkaure").
             The game lasted 00:25:42 (2863 turns).

Kidiri the Unseen (Spriggan Assassin)               Turns: 2863, Time: 00:25:42

Health: -15/97     AC:  4    Str: 14 (16) XL:     12   Next: 75%
Magic:  38/38      EV: 38    Int: 14      God:    Dithmenos [******]
Gold:   874        SH:  0    Dex: 23      Spells: 7 memorised, 15 levels left

rFire  . . .     SeeInvis +     a - +2 dagger
rCold  . . .     Clarity  .     c - +0 robe
rNeg   + . .     SustAt   .     (shield restricted)
rPois  .         Gourm    .     (helmet restricted)
rElec  .         Spirit   .     F - +2 cloak "Neon" {-Tele rN+ Regen+ Int+3}
rCorr  .         Warding  .     (gloves unavailable)
rMut   .         NoTele   +     (boots unavailable)
MR     +++..                    f - amulet of Liberalism {+Inv MR+ Regen+ Str+2 Int-3}
Stlth  ..........               C - ring of magical power
                                s - ring of wizardry

@: berserking, very slightly contaminated, wreathed by umbra, very quick,
extremely resistant to hostile enchantments, extremely unstealthy
A: unfitting armour, horns 1, see invisible, agile 1, deformed body,
deterioration 2, herbivore 3, speed 3, slow metabolism 2, strong 1
a: Shadow Step, Shadow Form, Renounce Religion, Evoke Invisibility


You were in the Dungeon.
You worshipped Dithmenos.
Dithmenos was exalted by your worship.
You were not hungry.

You visited 1 branch You collected 2667 gold pieces.
You spent 1793 gold pieces at shops.

Inventory:

Hand weapons
 a - a +2 dagger (weapon)
 b - a +0 blowgun
 n - a +2 short sword of draining
 o - a +0 arbalest
Missiles
 e - 4 poisoned needles
 p - 27 bolts
 r - 2 throwing nets (quivered)
Armour
 c - a +0 robe (worn)
 d - a +0 cloak
 F - the +2 cloak "Neon" (worn) {-Tele rN+ Regen+ Int+3}
   (You bought it in a shop in the Dungeon)

   It affects your intelligence (+3).
   It protects you from negative energy.
   It prevents most forms of teleportation.
   It increases your rate of regeneration.
Jewellery
 f - the amulet of Liberalism (around neck) {+Inv MR+ Regen+ Str+2 Int-3}
   (You bought it in a shop in the Dungeon)

   [amulet of regeneration]

   It affects your strength (+2).
   It affects your intelligence (-3).
   It affects your resistance to hostile enchantments.
   It lets you turn invisible.
   It increases your rate of regeneration.
 s - a ring of wizardry (left hand)
 C - a ring of magical power (right hand)
 D - an uncursed ring of protection from cold
 G - the ring of Luliack {rF- MP+9 Int+3 Dex-3 Slay+3}
   (You found it in the Dungeon)

   [ring of dexterity]

   It affects your intelligence (+3).
   It affects your dexterity (-3).
   It affects your accuracy and damage with ranged weapons and melee attacks
   (+3).
   It makes you vulnerable to fire.
   It affects your magic capacity (+9).
Scrolls
 m - a scroll of blinking
 A - 2 scrolls of amnesia
 E - a scroll of enchant armour {unknown}
Potions
 h - 2 potions of curing
 i - a potion of heal wounds
 k - 5 potions of magic
 q - 3 potions of brilliance
 t - 3 potions of resistance
 u - 2 potions of agility
 v - 5 potions of haste
 w - a potion of ambrosia
 x - a potion of cure mutation {unknown}
 z - 7 potions of flight
 H - a potion of experience {unknown}
Books
 j - a book of Maledictions

   Spells                             Type                      Level
   a - Corona                         Hexes                        1
   b - Ensorcelled Hibernation        Hexes/Ice                    2
   c - Confuse                        Hexes                        3
   d - Tukima's Dance                 Hexes                        3
   e - Dazzling Spray                 Conjuration/Hexes            3
 I - a book of Ice

   Spells                             Type                      Level
   a - Ice Form                       Ice/Transmutation            4
   b - Metabolic Englaciation         Hexes/Ice                    5
   c - Ozocubu's Refrigeration        Ice                          6
   d - Bolt of Cold                   Conjuration/Ice              6
   e - Freezing Cloud                 Conjuration/Ice/Air          6
   f - Simulacrum                     Ice/Necromancy               6
Comestibles
 g - 6 bread rations


   Skills:
 + Level 8.9 Fighting
 * Level 15.3 Short Blades
 + Level 11.3 Throwing
 * Level 18.9 Dodging
 * Level 20.8 Stealth
 * Level 12.9 Spellcasting
 + Level 1.4 Conjurations
 + Level 9.3 Hexes
 + Level 2.4 Transmutations
 + Level 6.3 Ice Magic
 + Level 6.8 Invocations
 + Level 9.9 Evocations


You had 15 spell levels left.
You knew the following spells:

 Your Spells              Type           Power        Failure   Level  Hunger
a - Corona                Hex            #####..      1%          1    None
b - Ensorcelled Hibernat  Hex/Ice        ####..       1%          2    None
c - Confuse               Hex            #####...     1%          3    None
d - Tukima's Dance        Hex            #####...     1%          3    None
e - Dazzling Spray        Conj/Hex       ###.....     1%          3    None
f - Metabolic Englaciati  Hex/Ice        ####......   4%          5    #####..
g - Ice Form              Ice/Trmt       ###.....     6%          4    ###....


Dungeon Overview and Level Annotations

Branches:
Dungeon (1/1)

Altars:
Cheibriados
Dithmenos
Elyvilon
Fedhas
Gozag
Kikubaaqudgha
Makhleb
Nemelex Xobeh
Okawaru
Qazlal
Ru
Sif Muna
Trog
Vehumet
Xom
Yredelemnul
Zin
The Shining One
Beogh
Jiyva
Lugonu

Shops:
D *}[%:%%%%?(!?!}(}((![[=(:=:[

Annotations:
D exclusions: ice statue and oklob plant, Roxanne


Innate Abilities, Weirdness & Mutations

You are tiny and cannot use many weapons and most armour.
You have supernaturally acute eyesight.
You are a herbivore.
You cover ground extremely quickly.
You need consume almost no food.
You have a pair of small horns on your head.
You are agile. (Dex +2)
Armour fits poorly on your strangely shaped body.
Your body often deteriorates upon taking damage.
Your muscles are strong. (Str +2)


Message History

The bone dragon tramples you!
Your body deteriorates!
You feel weakened.
You hold your ground!
Drink which item? (? for menu, Esc to quit)
A red film seems to cover your vision as you go berserk!
You feel yourself moving faster!
You feel mighty! The bone dragon bites you!! The bone dragon claws you!
* * * LOW HITPOINT WARNING * * *
Your body deteriorates!
You feel weakened. The bone dragon tramples you!
* * * LOW HITPOINT WARNING * * *
You emit a cloud of dark smoke.
You hold your ground!
You hit the bone dragon but do no damage.
The bone dragon is moderately damaged.
You hit the bone dragon.
The bone dragon is moderately damaged.
You hit the bone dragon but do no damage.
The bone dragon is moderately damaged.
The bone dragon bites you!!
You die...

###### ********* #.).|#
****************
∩,∩+,+,,###}..|##▓,,,,,+,,,+,,**,
#***,***#..%.....▓,,,,,*,,,*,**,,
####+####%[(%%%.(▓,,,,,*,▓▓▓,**,,
#≈z≈§§.z##⌠....#+▓▓*,,,*,..▓,**,,
§§z§≈z§§§##....#@§▓▓▓+▓▓▓▓.▓,*,,,
≈§zz≈§§z§≈##++##§D§+..§▓0..▓,,,,,
≈≈§z§.§§§##§...###§#§§.▓▓▓▓▓▓▓▓▓▓
#,≈§zz≈,*#)≈.....#.#.§.▓≈≈≈§≈≈≈≈▓
#'''#'''#####....#.##§|▓▓▓▓▓▓▓▓▓▓
.........#..'....#..#=}▓..%)[.)%▓
≈.##'##..#..####.#..#|§▓.[).....▓
≈.....##.####..'.##.#[)▓(..[(...▓
≈.2D#).#....#..#...####▓.).[[...▓


You could see a bone dragon.

Vanquished Creatures
  An electric golem (D)
  A deep elf master archer (D)
  A kraken (D)
  Kirke (D)
  A crystal guardian (D)
  A fire dragon (D)
  A yaktaur captain (D)
  A centaur warrior (D)
  2 hell hogs (D)
  An iron golem (D)
  A skeletal warrior (D)
  2 death drakes (D)
  2 unseen horrors (D)
  3 shining eyes (D)
  3 griffons (D)
  A siren (D)
  A toenail golem (D)
  An elephant (D)
  2 spiny frogs (D)
  A yaktaur (D)
  A kobold demonologist (D)
  5 polar bears (D)
  2 boulder beetles (D)
  3 slime creatures (D)
  2 wyverns (D)
  3 yaks (D)
  5 hippogriffs (D)
  A vampire mosquito (D)
  3 soldier ants (D)
  2 swamp drakes (D)
  3 black bears (D)
  A necrophage (D)
  4 crocodiles (D)
  A wasp (D)
  4 brain worms (D)
  2 earth elementals (D)
  An iron imp (D)
  A spectral bat (D)
  A spectral giant cockroach (D)
73 creatures vanquished.

Vanquished Creatures (others)
  A deep elf high priest (D)
  Menkaure (D)
2 creatures vanquished.

Grand Total: 75 creatures vanquished

Notes
Turn   | Place    | Note
--------------------------------------------------------------
     0 | D        | Kidiri the Spriggan Assassin began the quest for the Orb.
     0 | D        | Reached XP level 1. HP: 10/10 MP: 2/2
     1 | D        | Noticed a hippogriff
     1 | D        | Noticed a hippogriff
     5 | D        | Noticed a brain worm
     5 | D        | Noticed a brain worm
     5 | D        | Noticed a brain worm
     5 | D        | Noticed a brain worm
     7 | D        | Killed a brain worm
     7 | D        | Reached skill level 5 in Dodging
     7 | D        | Reached skill level 8 in Stealth
     7 | D        | Reached XP level 2. HP: 14/16 MP: 3/3
     7 | D        | Reached XP level 3. HP: 16/19 MP: 4/4
     7 | D        | Reached XP level 4. HP: 19/23 MP: 5/5
    26 | D        | Killed a brain worm
    26 | D        | Reached skill level 5 in Short Blades
    26 | D        | Reached skill level 9 in Stealth
    26 | D        | Reached XP level 5. HP: 23/28 MP: 6/6
    30 | D        | Killed a brain worm
    30 | D        | Reached skill level 10 in Stealth
    39 | D        | Killed a brain worm
    39 | D        | Reached skill level 5 in Throwing
    39 | D        | Reached skill level 11 in Stealth
    39 | D        | Reached XP level 6. HP: 25/33 MP: 7/7
    52 | D        | Killed Menkaure
   118 | D        | Noticed a boulder beetle
   118 | D        | Noticed a boulder beetle
   122 | D        | Noticed a siren
   125 | D        | Killed a siren
   125 | D        | Reached skill level 13 in Stealth
   125 | D        | Reached XP level 7. HP: 35/38 MP: 8/8
   139 | D        | Killed a boulder beetle
   139 | D        | Reached skill level 5 in Fighting
   145 | D        | Killed a boulder beetle
   145 | D        | Reached skill level 14 in Stealth
   145 | D        | Reached XP level 8. HP: 39/43 MP: 9/9
   193 | D        | Killed a hippogriff
   193 | D        | Reached skill level 10 in Short Blades
   223 | D        | Killed a hippogriff
   399 | D        | Noticed a flying skull
   399 | D        | Noticed a flying skull
   399 | D        | Noticed a flying skull
   400 | D        | Noticed a flying skull
   400 | D        | Noticed a flying skull
   401 | D        | Noticed a flying skull
   401 | D        | Noticed a flying skull
   401 | D        | Noticed a flying skull
   401 | D        | Noticed a flying skull
   401 | D        | Noticed a crocodile
   402 | D        | Found Ihosch's Book Boutique.
   402 | D        | Found Xays's Antique Armour Shop.
   403 | D        | Killed a crocodile
   405 | D        | Noticed a flying skull
   407 | D        | Noticed a flying skull
   430 | D        | Noticed an ice statue
   438 | D        | Found Xiuloli's Weapon Shop.
   438 | D        | Found Suipos's Jewellery Shop.
   440 | D        | Found Yshix's Distillery.
   440 | D        | Found Tapt's Jewellery Boutique.
   441 | D        | Found Motomm's Gadget Boutique.
   441 | D        | Found Kuuconi's Antique Weapon Shop.
   442 | D        | Noticed a vampire mosquito
   450 | D        | Found Warusi's Magic Scroll Shop.
   450 | D        | Found Quojir's Book Boutique.
   450 | D        | Found Vaabbul's Distillery.
   494 | D        | Killed a vampire mosquito
   494 | D        | Reached skill level 15 in Stealth
   501 | D        | Noticed a death yak
   502 | D        | Found Uriakk's Food Boutique.
   502 | D        | Found Cupad's Food Shop.
   502 | D        | Noticed an oklob plant
   503 | D        | Found Kuidysm's Food Shop.
   503 | D        | Found Sazan's Book Shoppe.
   503 | D        | Found Tinosyes's Antique Armour Boutique.
   505 | D        | Noticed a redback
   505 | D        | Noticed a redback
   542 | D        | Noticed an iron elemental
   554 | D        | Bought the amulet of Liberalism {+Inv MR+ Regen+ Str+2 Int-3} for 570 gold pieces
   573 | D        | Bought a book of Maledictions for 350 gold pieces
   583 | D        | Bought a glowing short sword for 45 gold pieces
   587 | D        | Learned a level 1 spell: Corona
   590 | D        | Learned a level 2 spell: Ensorcelled Hibernation
   594 | D        | Learned a level 3 spell: Confuse
   658 | D        | Found a glowing silver altar of Zin.
   659 | D        | Found an iron altar of Okawaru.
   659 | D        | Found a blossoming altar of Fedhas.
   659 | D        | Found a deep blue altar of Sif Muna.
   660 | D        | Found a sparkling altar of Nemelex Xobeh.
   660 | D        | Found a radiant altar of Vehumet.
   661 | D        | Found an opulent altar of Gozag.
   661 | D        | Found a burning altar of Makhleb.
   661 | D        | Found a snail-covered altar of Cheibriados.
   662 | D        | Found a shimmering altar of Xom.
   662 | D        | Found a viscous altar of Jiyva.
   670 | D        | Found a shadowy altar of Dithmenos.
   670 | D        | Found a glowing golden altar of the Shining One.
   671 | D        | Found an ancient bone altar of Kikubaaqudgha.
   673 | D        | Found a white marble altar of Elyvilon.
   673 | D        | Found a basalt altar of Yredelemnul.
   673 | D        | Found a stormy altar of Qazlal.
   673 | D        | Found a roughly hewn altar of Beogh.
   673 | D        | Noticed a wasp
   673 | D        | Noticed a polar bear
   674 | D        | Found a sacrificial altar of Ru.
   674 | D        | Found a bloodstained altar of Trog.
   674 | D        | Found a corrupted altar of Lugonu.
   674 | D        | Noticed a yaktaur
   682 | D        | Became a worshipper of Dithmenos the Shadowed
   705 | D        | Noticed a crocodile
   739 | D        | Noticed a crocodile
   811 | D        | Noticed a crocodile
   813 | D        | Noticed a kraken
  1156 | D        | Killed a kraken
  1156 | D        | Reached skill level 16 in Stealth
  1156 | D        | Reached skill level 5 in Spellcasting
  1156 | D        | Reached XP level 9. HP: 47/49 MP: 18/18
  1226 | D        | Killed a crocodile
  1244 | D        | Killed a crocodile
  1297 | D        | Killed a crocodile
  1304 | D        | Noticed a flying skull
  1304 | D        | Noticed a flying skull
  1304 | D        | Noticed a flying skull
  1306 | D        | Noticed a flying skull
  1318 | D        | Noticed a flying skull
  1318 | D        | Noticed a flying skull
  1327 | D        | Noticed Roxanne
  1367 | D        | Noticed a polar bear
  1367 | D        | Noticed a polar bear
  1368 | D        | Killed a polar bear
  1370 | D        | Killed a wasp
  1370 | D        | Acquired Dithmenos's first power
  1371 | D        | Killed a polar bear
  1373 | D        | Killed a yaktaur
  1373 | D        | Reached XP level 10. HP: 53/53 MP: 20/20
  1374 | D        | Killed a polar bear
  1374 | D        | Reached skill level 15 in Dodging
  1374 | D        | Reached skill level 17 in Stealth
  1374 | D        | Reached skill level 5 in Evocations
  1468 | D        | Bought a potion of mutation for 25 gold pieces
  1468 | D        | Gained mutation: You have a pair of small horns on your head. [potion of mutation]
  1468 | D        | Gained mutation: Your muscles are strong. (Str +2) [potion of mutation]
  1468 | D        | Gained mutation: Your body sometimes deteriorates upon taking damage. [potion of mutation]
  1469 | D        | Gained mutation: Armour fits poorly on your strangely shaped body. [potion of mutation]
  1469 | D        | Gained mutation: You are agile. (Dex +2) [potion of mutation]
  1489 | D        | Bought a scroll of identify for 26 gold pieces
  1489 | D        | Bought a scroll of identify for 26 gold pieces
  1489 | D        | Bought a scroll of identify for 26 gold pieces
  1489 | D        | Bought a scroll of identify for 26 gold pieces
  1533 | D        | Noticed a swamp drake
  1534 | D        | Noticed a death drake
  1536 | D        | Noticed a polar bear
  1537 | D        | Noticed a polar bear
  1538 | D        | Killed a polar bear
  1540 | D        | Killed a polar bear
  1540 | D        | Acquired Dithmenos's second power
  1540 | D        | Reached skill level 1 in Invocations
  1545 | D        | Noticed a death drake
  1545 | D        | Noticed a crystal guardian
  1545 | D        | Noticed a swamp drake
  1546 | D        | Killed a swamp drake
  1548 | D        | Killed a crystal guardian
  1548 | D        | Reached skill level 5 in Hexes
  1549 | D        | Killed a death drake
  1550 | D        | Killed a swamp drake
  1550 | D        | Acquired Dithmenos's third power
  1552 | D        | Killed a death drake
  1584 | D        | Noticed a yak
  1585 | D        | Noticed a yak
  1585 | D        | Noticed a yak
  1586 | D        | Killed a yak
  1587 | D        | Killed a yak
  1589 | D        | Killed a yak
  1589 | D        | Reached skill level 18 in Stealth
  1601 | D        | Noticed a deep elf master archer
  1604 | D        | Noticed a soldier ant
  1604 | D        | Noticed a soldier ant
  1604 | D        | Noticed a soldier ant
  1606 | D        | Killed a soldier ant
  1608 | D        | Killed a soldier ant
  1608 | D        | Acquired Dithmenos's fourth power
  1609 | D        | Killed a soldier ant
  1677 | D        | Bought a bread ration for 55 gold pieces
  1677 | D        | Bought a bread ration for 55 gold pieces
  1677 | D        | Bought a bread ration for 55 gold pieces
  1677 | D        | Bought a bread ration for 55 gold pieces
  1677 | D        | Bought a bread ration for 55 gold pieces
  1677 | D        | Bought a bread ration for 55 gold pieces
  1846 | D        | Noticed an elephant
  1846 | D        | Noticed a centaur warrior
  1846 | D        | Noticed Kirke
  1846 | D        | Noticed a skeletal warrior
  1846 | D        | Noticed a yaktaur captain
  1846 | D        | Noticed a kobold demonologist
  1848 | D        | Killed a kobold demonologist
  1850 | D        | Killed a yaktaur captain
  1850 | D        | Reached XP level 11. HP: 58/58 MP: 25/25
  1851 | D        | Killed Kirke
  1852 | D        | Noticed a black bear
  1852 | D        | Noticed a black bear
  1853 | D        | Killed a centaur warrior
  1853 | D        | Reached skill level 10 in Throwing
  1853 | D        | Reached skill level 10 in Spellcasting
  1855 | D        | Killed an elephant
  1858 | D        | Killed a skeletal warrior
  1858 | D        | Reached skill level 19 in Stealth
  1865 | D        | Noticed a black bear
  1866 | D        | Killed a black bear
  1868 | D        | Killed a black bear
  1869 | D        | Killed a black bear
  1994 | D        | Noticed an iron imp
  1994 | D        | Noticed a necrophage
  1996 | D        | Killed an iron imp
  1998 | D        | Killed a necrophage
  2017 | D        | Noticed a hippogriff
  2017 | D        | Noticed a hippogriff
  2017 | D        | Noticed a wyvern
  2017 | D        | Noticed a spiny frog
  2017 | D        | Noticed a hippogriff
  2017 | D        | Noticed a wyvern
  2017 | D        | Noticed a spiny frog
  2019 | D        | Killed a spiny frog
  2124 | D        | Killed a hippogriff
  2125 | D        | Killed a spiny frog
  2125 | D        | Reached skill level 5 in Ice Magic
  2128 | D        | Killed a wyvern
  2130 | D        | Killed a wyvern
  2130 | D        | Reached skill level 5 in Invocations
  2133 | D        | Killed a hippogriff
  2136 | D        | Killed a hippogriff
  2156 | D        | Learned a level 3 spell: Tukima's Dance
  2160 | D        | Learned a level 3 spell: Dazzling Spray
  2177 | D        | Found Suugoix's Assorted Antiques.
  2177 | D        | Found Raomolef's Food Shop.
  2177 | D        | Found Emiew's Gadget Shop.
  2177 | D        | Found Sidelan's Food Shoppe.
  2177 | D        | Found Xipraef's Antique Weapon Boutique.
  2178 | D        | Found Kaeboas's Magic Scroll Shoppe.
  2178 | D        | Found Jeoffumo's Distillery.
  2178 | D        | Found Zokupun's Antique Weapon Emporium.
  2178 | D        | Found Quko's Armour Shop.
  2178 | D        | Found Lenofod's Gadget Emporium.
  2178 | D        | Found Wotzif's Weapon Shop.
  2178 | D        | Found Eqitol's Armour Shoppe.
  2191 | D        | Bought the +2 cloak "Neon" {-Tele rN+ Regen+ Int+3} for 369 gold pieces
  2221 | D        | Noticed a golden dragon
  2221 | D        | Noticed a storm dragon
  2221 | D        | Noticed a cacodemon
  2226 | D        | Noticed a frost giant
  2226 | D        | Noticed a deep elf high priest
  2226 | D        | Noticed a bone dragon
  2234 | D        | Gained mutation: Your body often deteriorates upon taking damage. [a cacodemon]
  2245 | D        | Noticed a flying skull
  2319 | D        | Killed a deep elf high priest
  2426 | D        | Killed a deep elf master archer
  2431 | D        | Noticed a fire dragon
  2431 | D        | Noticed a hell hog
  2431 | D        | Noticed a griffon
  2431 | D        | Noticed an unseen horror
  2431 | D        | Noticed a hell hog
  2431 | D        | Noticed a griffon
  2431 | D        | Noticed a griffon
  2431 | D        | Noticed an unseen horror
  2431 | D        | Noticed a slime creature
  2431 | D        | Noticed a slime creature
  2431 | D        | Noticed a shining eye
  2431 | D        | Noticed a shining eye
  2431 | D        | Noticed a slime creature
  2431 | D        | Noticed a shining eye
  2433 | D        | Killed a shining eye
  2435 | D        | Killed a shining eye
  2435 | D        | Reached XP level 12. HP: 65/65 MP: 28/28
  2436 | D        | Killed a shining eye
  2437 | D        | Killed a slime creature
  2438 | D        | Killed a slime creature
  2440 | D        | Killed a hell hog
  2441 | D        | Killed a slime creature
  2443 | D        | Killed a hell hog
  2443 | D        | Reached skill level 20 in Stealth
  2444 | D        | Killed a fire dragon
  2446 | D        | Killed a griffon
  2448 | D        | Killed a griffon
  2449 | D        | Killed a griffon
  2451 | D        | Killed an unseen horror
  2453 | D        | Killed an unseen horror
  2453 | D        | Reached skill level 15 in Short Blades
  2490 | D        | Got a coiled bone ring
  2492 | D        | Identified the cursed ring of Luliack {rF- MP+9 Int+3 Dex-3 Slay+3} (You found it in the Dungeon)
  2625 | D        | Learned a level 5 spell: Metabolic Englaciation
  2630 | D        | Learned a level 4 spell: Ice Form
  2631 | D        | Noticed an electric golem
  2631 | D        | Noticed an iron golem
  2631 | D        | Noticed a toenail golem
  2631 | D        | Noticed an earth elemental
  2631 | D        | Noticed an earth elemental
  2633 | D        | Killed an electric golem
  2633 | D        | Reached skill level 1 in Conjurations
  2635 | D        | Killed an iron golem
  2636 | D        | Killed a toenail golem
  2637 | D        | Killed an earth elemental
  2639 | D        | Killed an earth elemental
  2863 | D        | Demolished by a bone dragon

Vault maps used:
D:        the_violet_keep_of_menkaure

Action                   |  1- 3 |  4- 6 |  7- 9 | 10-12 || total
-------------------------+-------+-------+-------+-------++-------
Melee: Dagger            |     1 |    15 |   144 |    69 ||   229
       Blowgun           |       |       |     1 |       ||     1
 Fire: Blowgun           |       |    10 |    10 |       ||    20
 Cast: Ensorcelled Hiber |       |       |       |     1 ||     1
 Abil: Evoke Invisibilit |       |       |     5 |     9 ||    14
  Use: Scroll            |       |       |     3 |     7 ||    10
       Potion            |       |       |     3 |     5 ||     8
 Stab: Sleeping          |     1 |     1 |     7 |    47 ||    56
       Invisible         |       |       |     8 |     8 ||    16
       Distracted        |       |       |       |     1 ||     1
  Eat: Royal jelly       |       |       |     1 |       ||     1
       Bread ration      |       |       |       |     1 ||     1
